 Dungeon Crawl Stone Soup version 0.27-a0-417-g317cea8a3c (console) character file.

Game seed: 9262946353822682021

26 jejorda2 the Chopper (level 3, 31/33 HPs)
             Began as a Hill Orc Berserker on Feb 25, 2021.
             Was a Follower of Trog.
             Quit the game on level 1 of the Dungeon.
             The game lasted 00:01:22 (603 turns).

jejorda2 the Chopper (Hill Orc Berserker)            Turns: 603, Time: 00:01:22

Health: 31/33      AC:  5    Str: 20    XL:     3   Next: 8%
Magic:  3/3        EV: 11    Int:  7    God:    Trog [*.....]
Gold:   41         SH:  0    Dex: 10    Spells: 2/2 levels left

rFire    . . .     SeeInvis .   a - +0 hand axe
rCold    . . .     Faith    .   (no shield)
rNeg     . . .     Spirit   .   f - +0 ring mail
rPois    .         Reflect  .   (no helmet)
rElec    .         Harm     .   (no cloak)
rCorr    .         Rampage  .   (no gloves)
Will     .....                  (no boots)
Stlth    ..........             (no amulet)
HPRegen  0.11/turn              (no ring)
MPRegen  0.08/turn              (no ring)

@: no status effects
A: no striking features
a: Renounce Religion, Berserk


You were on level 1 of the Dungeon.
You worshipped Trog.
Trog was aware of your devotion.
You visited 1 branch of the dungeon, and saw 1 of its levels.

You collected 41 gold pieces.

Inventory:

Hand Weapons
 a - a +0 hand axe (weapon)
Armour
 f - a +0 ring mail (worn)
Scrolls
 b - a scroll of noise {unknown}
 c - 2 scrolls of identify {unknown}
 d - a scroll of blinking {unknown}
 e - a scroll of amnesia {unknown}
 g - a scroll of magic mapping {unknown}


   Skills:
 + Level 4.0 Fighting
 * Level 4.9 Axes
 + Level 2.6 Armour
 - Level 1.5 Dodging


You had 2 spell levels left.
You didn't know any spells.
Your spell library was empty.

Dungeon Overview and Level Annotations

Branches:
Dungeon (1/15)

Altars:


Message History

You barely miss the kobold. The kobold barely misses you.
You hit the kobold.
You kill the kobold!
Trog accepts your kill.
You completely miss the goblin. The goblin closely misses you.
You barely miss the goblin. The goblin closely misses you.
You closely miss the goblin. The goblin hits you but does no damage.
You hit the goblin.
You kill the goblin!
Trog accepts your kill. The kobold hits you but does no damage.
You closely miss the kobold. The kobold barely misses you.
You barely miss the kobold. The kobold completely misses you.
You closely miss the kobold. The kobold barely misses you.
You barely miss the kobold. The kobold hits you.
You hit the kobold.
You kill the kobold!
Trog accepts your kill.
You barely miss the hobgoblin. The hobgoblin hits you with a +0 club.
You hit the hobgoblin but do no damage.
The hobgoblin hits you but does no damage.
You slash the hobgoblin!
You kill the hobgoblin!
Trog accepts your kill.
You have reached level 3!
Your experience leads to an increase in your attributes!
Increase (S)trength, (I)ntelligence, or (D)exterity?
You feel stronger. The dart slug closely misses you.
Items here: )) †.
You hit the dart slug.
The dart slug is moderately wounded.
The dart slug bites you but does no damage.
You hit the dart slug.
The dart slug is severely wounded.
You hit the dart slug.
You kill the dart slug!
Trog accepts your kill.
Your Fighting skill increases to level 4!
Are you sure you want to abandon this character and quit the game? (Confirm with "yes".)

...######.....# .#
........#.....#
.....##.#.....#### #.#
#..#..#..........# .) ###
.............###.##.#....
###...........##..#.#....
##..###................
#..........###.........
#............)@#.......
#...........##.........
#..........###.#.......
#........).##..#.......
#..........##.##.......
#########.....# .......
##..### ....... ####
..>.... ....?..


There were no monsters in sight!

Vanquished Creatures
  A dart slug (D:1)
  2 leopard geckos (D:1)
  3 hobgoblins (D:1)
  2 ball pythons (D:1)
  3 bats (D:1)
  A frilled lizard (D:1)
  6 goblins (D:1)
  2 kobolds (D:1)
  4 rats (D:1)
24 creatures vanquished.

Notes
Turn   | Place    | Note
-------+----------+-------------------------------------------
     0 | D:1      | jejorda2 the Hill Orc Berserker began the quest for the
                  | Orb.
     0 | D:1      | Reached XP level 1. HP: 19/19 MP: 1/1
   230 | D:1      | Reached XP level 2. HP: 27/27 MP: 2/2
   598 | D:1      | Reached XP level 3. HP: 31/33 MP: 3/3
   603 | D:1      | Quit the game

Illustrated notes

Levels and vault maps discovered:
D:1:      nicolae_arrival_memento_mori, layout_rooms

Skill      XL: |  1  2  3 |
---------------+----------+-----
Fighting       | 4 |  4.0
Axes           | |  4.9
Armour         | |  2.6
Dodging        | |  1.5

Action                   || total
-------------------------++-------
Melee: Hand axe          ||    70
Armor: Animal skin       ||    13
       Ring mail         ||    10
Dodge: Dodged            ||    60

Table legend: (Time is in decaauts)
 A = Elapsed time spent in this place.
 B = Non-inter-level travel time spent in this place.
 C = Inter-level travel time spent in this place.
 D = Time resting spent in this place.
 E = Time spent auto-exploring this place.
 F = Levels seen in this place.
 G = Mean time per level.
                   A        B        C        D        E       F      G
               +--------+--------+--------+--------+--------+-----+--------+
         Total |    608 |    599 |      9 |      0 |    419 |   1 |  608.0 |
       Dungeon |    608 |    599 |      9 |      0 |    419 |   1 |  608.0 |
               +--------+--------+--------+--------+--------+-----+--------+

Top non-repeatable levels by time:
     D:1: 608 daAuts
